 Dungeon Crawl Stone Soup version 0.27.0-1-g7a089689b8 (webtiles) character file.

Game seed: 17385920643569467059

4 Spaninq the Ducker (level 1, 0/11 HPs)
             Began as a Spriggan Gladiator on Aug 13, 2021.
             Slain by a hobgoblin (4 damage)
             ... on level 1 of the Dungeon.
             The game lasted 00:00:37 (193 turns).

Spaninq the Ducker (Spriggan Gladiator)              Turns: 193, Time: 00:00:37

Health: 0/11       AC:  2    Str: 10    XL:     1   Next: 58%
Magic:  2/2        EV: 18    Int:  9    God:
Gold:   0          SH:  0    Dex: 16    Spells: 0/0 levels left

rFire    . . .     SeeInvis +   a - +0 long sword
rCold    . . .     Faith    .   (shield restricted)
rNeg     . . .     Spirit   .   b - +0 robe
rPois    .         Reflect  .   c - +0 hat
rElec    .         Harm     .   (no cloak)
rCorr    .         Rampage  .   (gloves unavailable)
Will     .....                  (boots unavailable)
Stlth    +.........             (no amulet)
HPRegen  0.03/turn              (no ring)
MPRegen  0.08/turn              (no ring)

@: very quick
A: very small, no large weapons, unfitting armour, see invisible, speed 3
a: no special abilities


You were on level 1 of the Dungeon.
You visited 1 branch of the dungeon, and saw 1 of its levels.

Inventory:

Hand Weapons
 a - a +0 long sword (weapon)
Missiles
 d - 3 throwing nets (quivered)
Armour
 b - a +0 robe (worn)
 c - a +0 hat (worn)
Scrolls
 e - a scroll of enchant armour {unknown}


   Skills:
 + Level 1.6 Fighting
 * Level 2.5 Long Blades
 - Level 2.0 Throwing
 + Level 4.1 Dodging


You couldn't memorise any spells.
You didn't know any spells.
Your spell library was empty.

Dungeon Overview and Level Annotations

Branches:
Dungeon (1/15)

Altars:


Innate Abilities, Weirdness & Mutations

You are very small and have problems with some larger weapons.
You are too small for most types of armour.
You have supernaturally acute eyesight. (SInv)
You cover ground extremely quickly. (Speed+++)


Message History

You kill the kobold!
A frilled lizard comes into view.
Things that are here:
a +0 club; a kobold corpse A frilled lizard is nearby!
You hit the frilled lizard.
You kill the frilled lizard!
A kobold comes into view. It is wielding a +0 short sword.
A hobgoblin comes into view.
The kobold shouts!
You slash the kobold!
You kill the kobold!
You hear a shout!
A hobgoblin comes into view.
An endoplasm comes into view.
Found a mace.
Things that are here:
a +0 short sword; 4 stones; a kobold corpse You hit the hobgoblin.
The hobgoblin is lightly wounded.
The hobgoblin misses you.
You riposte.
You barely miss the hobgoblin.
The hobgoblin is lightly wounded.
The hobgoblin hits you.
You hit the hobgoblin.
The hobgoblin is severely wounded.
The hobgoblin hits you.
You closely miss the hobgoblin.
The hobgoblin is severely wounded.
The hobgoblin misses you.
You closely miss the hobgoblin.
The hobgoblin is severely wounded.
The hobgoblin barely misses you.
You riposte.
You hit the hobgoblin.
You kill the hobgoblin!
Things that are here:
a +0 club; a kobold corpse You barely miss the hobgoblin.
The hobgoblin hits you.
You barely miss the hobgoblin. The hobgoblin closely misses you.
You hit the hobgoblin.
The hobgoblin is severely wounded.
The hobgoblin hits you.
You die...

.≈.≈≈≈≈#.......##...######.#.####
.P.≈≈..).#######..#..[.....#.....
##..♣).#.# #.##.#...##.#.###.
####.# #.#..###.##.#..#.# #J#
###................. #.#
#.#####..########### #.#
#.##.###..## ##.
#.#####.###.###..## ##..
#......Jg@..# ##..## ##..#
##......##### ##..###..##
#......# ##..#..## #......#
##...## #.....## #...# #.....#
##.## ###.###############.#
.#######.#................#
........###.###############


You could see an endoplasm and a hobgoblin.

Vanquished Creatures
  2 hobgoblins (D:1)
  A frilled lizard (D:1)
  2 kobolds (D:1)
5 creatures vanquished.

Notes
Turn   | Place    | Note
-------+----------+-------------------------------------------
     0 | D:1      | Spaninq the Spriggan Gladiator began the quest for the Orb.
     0 | D:1      | Reached XP level 1. HP: 10/10 MP: 2/2
   193 | D:1      | Slain by a hobgoblin

Illustrated notes

Levels and vault maps discovered:
D:1:      dpeg_chamrin_arrival_tetris, layout_loops_ring,
          kennysheep_another_room, serial_bayou_pond_b

Action                   || total
-------------------------++-------
Melee: Long sword        ||    21
Armor: Robe              ||     1
Dodge: Dodged            ||    17
       Rpst.: Long sword ||     6
